 Dungeon Crawl Stone Soup version 0.24.0-125-gc4c63601f3 (webtiles) character file.

Game seed: 15011655274769200385, levelgen mode: deterministic

3 Descartes the Grasshopper (level 1, -3/9 HPs)
             Began as a Felid Warper on Feb 25, 2020.
             Slain by a kobold
             ... wielding a +0 dagger
              (5 damage)
             ... on level 1 of the Dungeon.
             The game lasted 00:00:38 (158 turns).

Descartes the Grasshopper (Felid Warper)             Turns: 158, Time: 00:00:38

Health: -3/9       AC:  1    Str: 11    XL:     1   Next: 41%
Magic:  4/4        EV: 18    Int: 14    God:
Gold:   0          SH:  0    Dex: 15    Spells: 4/4 levels left
                                        Lives:  0   Deaths: 0

rFire    . . .     SeeInvis +     - Unarmed
rCold    . . .     Gourm    .   (shield unavailable)
rNeg     . . .     Faith    .   (armour unavailable)
rPois    .         Spirit   .   (helmet unavailable)
rElec    .         Reflect  .   (cloak unavailable)
rCorr    .         Harm     .   (gloves unavailable)
MR       .....                  (boots unavailable)
Stlth    ++........             (no amulet)
HPRegen  0.03/turn              e - +4 ring of strength (curse)
MPRegen  0.09/turn              (no ring)

@: quick
A: very small, no armour, no weapons or thrown items, stealth, claws 1, fangs 3,
see invisible, carnivore, speed 1, shaggy fur 1, slow metabolism 1, sharp paws
a: no special abilities


You were on level 1 of the Dungeon.
You were full.

You visited 1 branch of the dungeon, and saw 1 of its levels.

Inventory:

Missiles
 a - 36 stones
Jewellery
 e - a cursed +4 ring of strength (left paw)
Scrolls
 b - a scroll of blinking
 d - a scroll of immolation {unknown}
Comestibles
 c - 3 rations


   Skills:
 + Level 2.1 Fighting
 + Level 3.2 Dodging
 + Level 0.2 Stealth
 * Level 2.1 Unarmed Combat
 + Level 2.0 Spellcasting
   Level 4.4 Translocations


You had 4 spell levels left.
You didn't know any spells.
Your spell library contained the following spells:

 Spells                   Type           Power        Failure   Level  Hunger
 Blink                    Tloc           N/A          6%          2    ###....
 Gell's Gravitas          Tloc           ##........   12%         3    ####...
 Lesser Beckoning         Tloc           ##........   12%         3    ####...
 Teleport Other           Tloc           ##......     12%         3    ####...
 Shroud of Golubria       Chrm/Tloc      #.....       14%         2    ###....
 Passage of Golubria      Tloc           N/A          36%         4    #####..


Dungeon Overview and Level Annotations

Branches:
Dungeon (1/15)

Altars:


Innate Abilities, Weirdness & Mutations

You cannot wear armour.
You are incapable of wielding weapons or throwing items.
Your paws allow you to move quietly. (Stealth)
You have sharp claws.
You have razor-sharp teeth.
You have supernaturally acute eyesight. (SInv)
You are carnivorous and can eat meat at any time.
You cover ground quickly.
You are covered in fur. (AC +1)
You have a slow metabolism.
Your sharp claws are effective at attacking unaware monsters.


Message History

The ball python is moderately wounded.
The ball python closely misses you.
* * * LOW HITPOINT WARNING * * *
The ball python constricts you. The ball python closely misses you.
The ball python constricts you.
You scratch the ball python but do no damage.
Your bite misses the ball python.
The ball python is moderately wounded.
The kobold barely misses you. The ball python barely misses you.
* * * LOW HITPOINT WARNING * * *
The ball python constricts you.
You escape the ball python's grasp.
The kobold throws a stone.
The stone completely misses you.
The kobold throws a stone.
The stone misses you.
The kobold throws a stone.
The stone misses you.
The kobold throws a stone.
The stone hits you but does no damage.
You see here a stone.
The kobold hits you with a +0 dagger.
Ouch! That really hurt!
You die...

### ### .. ..# ##.## ## #.#
#.###..[## .# #.#
#.##.....####### .# ##.##
##.#............# .#
##...######...#.....#####.#
#####.....##...........######.###
..##.........##.K.#..............
...#......#..###@##.##+####.#..##
.....#...##..# #.##.# #.(......
...#.##.###..###(##.+ +........
...#.##........S.##.# ###)#...#
####.######..######.# #.#..K# #.#
#...# #.. ..#...( #.# #.....# ..
.#.#.... #.# #.....# #.#.###.# ..
#.....# # #.# #.#


You could see a ball python and a kobold.

Vanquished Creatures
  A giant cockroach (D:1)
  A hobgoblin (D:1)
  A kobold (D:1)
3 creatures vanquished.

Notes
Turn   | Place    | Note
-------+----------+-------------------------------------------
     0 | D:1      | Descartes the Felid Warper began the quest for the Orb.
     0 | D:1      | Reached XP level 1. HP: 9/9 MP: 4/4
   158 | D:1      | Slain by a kobold

Levels and vault maps discovered:
D:1:      dpeg_arrival_rooms_b, layout_loops_ring, minmay_misc_feat_encased,
          minmay_liquid_box

Action                   || total
-------------------------++-------
Melee: Unarmed           ||    11
  Eat: Chunk             ||     2
Armor: Skin              ||     1
Dodge: Dodged            ||    15
